 Dungeon Crawl Stone Soup version 0.29-a0-241-g20d21d4356 (webtiles) character file.

Game seed: 753414460496805567

1911 Morbidden the Magician (level 9, 0/62 HPs)
             Began as a Djinni Conjurer on Mar 4, 2022.
             Was an Elder of Cheibriados.
             Killed from afar by Harold (9 damage)
             ... with a harpoon shot
             ... on level 7 of the Dungeon.
             The game lasted 00:10:42 (9149 turns).

Morbidden the Magician (Djinni Conjurer)            Turns: 9149, Time: 00:10:43

Health: 0/62       AC:  9    Str: 19    XL:     9   Next: 38%
Gold:   329        EV: 10    Int: 30    God:    Cheibriados [****..] SH:  0 Dex: 20

rFire   + + .      SeeInvis .   a - +1 dagger (venom)
rCold   . . .      Faith    .   (no shield)
rNeg    . . .      Spirit   .   d - +0 chain mail
rPois   ∞          Reflect  .   (no helmet)
rElec   .          Harm     .   (no cloak)
rCorr   .          Rampage  .   (no gloves)
Will    .....                   (boots unavailable)
Stlth   ..........              (no amulet)
HPRegen 0.20/turn               i - ring of protection from cold
MPRegen 0.00/turn               p - ring of wizardry

@: marked, flying, very slow
A: sickness immunity, fire resistance 2, cold vulnerability 1, float, innate
caster, HP casting, extra vitality 1
a: Renounce Religion, Bend Time, Temporal Distortion, Slouch


You were on level 7 of the Dungeon.
You worshipped Cheibriados.
Cheibriados was greatly pleased with you.
You visited 1 branch of the dungeon, and saw 7 of its levels.

You collected 329 gold pieces.

Inventory:

Hand Weapons
 a - a +1 dagger of venom (weapon)
 k - a +0 long sword of holy wrath
 u - a +0 vampiric short sword
Missiles
 x - a throwing net
Armour
 d - a +0 chain mail (worn)
 o - a +0 plate armour
Jewellery
 i - a ring of protection from cold (left hand)
 p - a ring of wizardry (right hand)
 A - a ring of wizardry
Wands
 t - a wand of flame (27)
 v - a wand of paralysis (17)
Scrolls
 c - 4 scrolls of blinking {unknown}
 e - a scroll of magic mapping {unknown}
 f - 8 scrolls of identify
 h - 2 scrolls of immolation {unknown}
 l - 3 scrolls of summoning {unknown}
 m - 2 scrolls of teleportation {unknown}
 r - 2 scrolls of enchant weapon {unknown}
 y - a scroll of amnesia {unknown}
 B - a scroll of vulnerability {unknown}
 C - a scroll of acquirement {unknown}
Potions
 b - 2 potions of curing
 g - a potion of haste
 j - a potion of flight {unknown}
 n - a potion of lignification
 q - 2 potions of invisibility
 s - a potion of degeneration {unknown}
 w - 2 potions of heal wounds {unknown}
 z - a potion of ambrosia {unknown}
 D - 2 potions of cancellation {unknown}


   Skills:
 * Level 3.8 Fighting
 * Level 3.2 Short Blades
 + Level 4.0 Armour
 * Level 4.8 Dodging
 + Level 2.2 Stealth
 * Level 7.0 Spellcasting
 * Level 0.5 Invocations


You couldn't memorise any spells.
You knew the following spells:

 Your Spells              Type           Power      Damage    Failure   Level
a - Magic Dart            Conj           100%       1d8       1%          1
b - Searing Ray           Conj           100%       2d8       1%          2
c - Dazzling Flash        Conj/Hex       100%       N/A       3%          3
d - Fulminant Prism       Conj/Hex       25%        3d14      12%         4
e - Iskenderun's Mystic   Conj/Tloc      51%        2d11      12%         4
f - Blink                 Tloc           100%       N/A       1%          2
s - Animate Dead          Necr           25%        N/A       12%         4
x - Call Canine Familiar  Summ           51%        N/A       3%          3
z - Beastly Appendage     Tmut           100%       N/A       1%          1
Your spell library was empty.

Dungeon Overview and Level Annotations

Branches:
Dungeon (7/15)             Temple (0/1) D:6

Altars:
Cheibriados
Makhleb
Uskayaw
Vehumet
Wu Jian

Annotations:
D:4 3 runed translucent doors, benitares's ghost, amateur OpTm
D:7 Harold


Innate Abilities, Weirdness & Mutations

You are immune to sickness and miasma.
You are immune to poison.
Your flesh is very heat resistant. (rF++)
You are vulnerable to cold. (rC-)
You float through the air rather than walking.
You learn spells naturally, not from books.
Your magical power is your life essence.
You have superior vitality. (+4 MHP)


Message History

Unknown command.
Unknown command.
Unknown command.
Your wolf bites Harold.
Your wolf bites Harold but does no damage.
Harold hits your wolf with a +0 trident.
Your wolf bites Harold but does no damage.
Unknown command.
Unknown command.
Casting: Searing Ray (safe; 1% risk of failure)
Confirm with . or Enter, or press ? or * to list all spells.
Aiming: Fulminant Prism (dangerous; 12% risk of failure)
Press: ? - help, Dir - move target, p - Harold You conjure a prism of explosive energy!
* * * LOW HITPOINT WARNING * * *
A fulminant prism comes into view.
Your wolf bites Harold!
Harold hits your wolf with a +0 trident.
Your wolf dies!
Your wolf's corpse disappears in a puff of smoke!
Unknown command.
Harold fires a harpoon shot at you.
The harpoon shot hits your fulminant prism!
Your fulminant prism crackles loudly.
Harold hits your fulminant prism with a +0 trident!
Your fulminant prism explodes!
The blast of energy engulfs Harold!!
Harold is almost dead.
Unknown command.
Unknown command.
Casting: Fulminant Prism (dangerous; 12% risk of failure)
Confirm with . or Enter, or press ? or * to list all spells.
Aiming: Fulminant Prism (dangerous; 12% risk of failure)
Press: ? - help, Dir - move target You conjure a prism of explosive energy!
* * * LOW HITPOINT WARNING * * *
A fulminant prism comes into view.
Harold fires a harpoon shot at you. The harpoon shot hits you!
You die...

## ##(# ##
#########@.########### #.
.....................# #.
.##.##...###########.####.
#..*..# ##........
#.....@...## ##....###..
####...^..# ##..........
#......... .........##..
#.#....##### ###..........
#. #....# .........#.#


You could see Harold (poisoned, ally target) and a friendly fulminant prism.

Vanquished Creatures
  A basilisk (D:6)
  An orc warrior (D:7)
  2 black bears
  A sky beast (D:5)
  2 ogres
  A bullfrog (D:7)
  A necrophage (D:4)
  2 scorpions
  A howler monkey (D:4)
  3 hounds
  A gnoll shaman (D:4)
  5 orc priests
  A jelly (D:6)
  5 orc wizards
  7 gnolls
  8 adders
  A shadow imp (D:6)
  3 white imps
  2 ufetubi (D:7)
  A worm (D:3)
  A dart slug (D:2)
  16 orcs
  13 ball pythons
  13 endoplasms
  2 giant cockroaches
  10 goblins
  7 hobgoblins
  A quokka (D:1)
  2 bats (D:3)
  6 frilled lizards
  5 kobolds
  3 rats
128 creatures vanquished.

Vanquished Creatures (collateral kills)
  2 ogres
  A howler monkey (D:6)
  3 gnolls
  An orc (D:5)
  A giant cockroach (D:4)
8 creatures vanquished.

Vanquished Creatures (others)
  A frilled lizard (D:1)
  6 fulminant prisms
7 creatures vanquished.

Grand Total: 143 creatures vanquished

Notes
Turn   | Place    | Note
-------+----------+-------------------------------------------
     0 | D:1      | Morbidden the Djinni Conjurer began the quest for the Orb.
     0 | D:1      | Reached XP level 1. HP: 15/15 MP: 0/0
   213 | D:1      | Reached XP level 2. HP: 21/22 MP: 0/0
   670 | D:1      | Reached XP level 3. HP: 25/26 MP: 0/0
   670 | D:1      | Learned a level 1 spell: Beastly Appendage
  1616 | D:2      | Reached skill level 4 in Spellcasting
  1629 | D:2      | Reached XP level 4. HP: 19/31 MP: 0/0
  1916 | D:2      | Reached skill level 1 in Fighting
  2038 | D:2      | Found a snail-covered altar of Cheibriados.
  2055 | D:2      | Became a worshipper of Cheibriados the Contemplative
  2548 | D:4      | Reached XP level 5. HP: 21/37 MP: 0/0
  2548 | D:4      | Learned a level 2 spell: Blink
  2945 | D:4      | Reached XP level 6. HP: 21/43 MP: 0/0
  3116 | D:4      | Noticed a black bear
  3123 | D:4      | Killed a black bear
  3123 | D:4      | Reached * piety under Cheibriados
  3124 | D:4      | Reached skill level 1 in Short Blades
  3376 | D:4      | Reached skill level 5 in Spellcasting
  3376 | D:4      | Reached XP level 7. HP: 40/49 MP: 0/0
  3376 | D:4      | Learned a level 3 spell: Call Canine Familiar
  3713 | D:4      | Found a runed translucent gate.
  3713 | D:4      | Found a runed translucent gate.
  3713 | D:4      | Found a runed translucent gate.
  3719 | D:4      | Noticed benitares's ghost (amateur OpTm)
  4128 | D:5      | Entered Level 5 of the Dungeon
  4137 | D:5      | Reached ** piety under Cheibriados
  4766 | D:5      | Reached skill level 1 in Armour
  4915 | D:5      | Reached XP level 8. HP: 22/55 MP: 0/0
  5828 | D:5      | Reached skill level 6 in Spellcasting
  6636 | D:6      | Found a staircase to the Ecumenical Temple.
  6650 | D:6      | Noticed a basilisk
  6653 | D:6      | Reached *** piety under Cheibriados
  6654 | D:6      | Killed a basilisk
  6655 | D:6      | Reached XP level 9. HP: 38/61 MP: 0/0
  6655 | D:6      | Learned a level 4 spell: Animate Dead
  7711 | D:6      | Found an ornate altar of the Wu Jian Council.
  8115 | D:3      | Found a hide-covered altar of Uskayaw.
  8159 | D:3      | Found a burning altar of Makhleb.
  8727 | D:7      | Reached skill level 7 in Spellcasting
  8910 | D:7      | Reached **** piety under Cheibriados
  9126 | D:7      | Noticed Harold
  9149 | D:7      | Killed from afar by Harold

Illustrated notes

Levels and vault maps discovered:
D:1:      lightli_arrival_farm, layout_loops_ring, lemuel_old_faithful
D:2:      layout_rooms, basic_altar
D:3:      layout_rooms, nicolae_uskayaw_dance_hall, lemuel_crystal_altar,
          mainiacjoe_overflow_concentric_impassable, serial_corexii_hall,
          chequers_hall_statues_y, corexii_hall_statues_l
D:4:      layout_basic, gammafunk_ghost_split
D:5:      layout_loops_ring
D:6:      layout_loops_ring, kennysheep_mini,
          minmay_temple_entry_statues_fountains, chequers_serial_rivers_small_3
D:7:      layout_loops_ring, kennysheep_generic_room_3, uniq_harold

Skill      XL: |  1  2  3  4  5  6  7  8  9 |
---------------+----------------------------+-----
Spellcasting   | 4 5 6 7 |  7.0
Fighting       | 1 2 3 |  3.8
Dodging        | 3 4 |  4.8
Short Blades   | 1 2 3 |  3.2
Stealth        | 2 |  2.2
Armour         | 1 2 4 |  4.0
Invocations    | |  0.5

Action                   |  1- 3 |  4- 6 |  7- 9 || total
-------------------------+-------+-------+-------++-------
Melee: Dagger            |       |     5 |    85 ||    90
       Headbutt          |       |     2 |       ||     2
       Punch             |       |       |     1 ||     1
 Cast: Magic Dart        |    56 |    42 |    52 ||   150
       Searing Ray       |     1 |    13 |    38 ||    52
       Beastly Appendage |     1 |     2 |     1 ||     4
       Call Canine Famil |       |       |    10 ||    10
       Fulminant Prism   |       |       |     7 ||     7
       Iskenderun's Myst |       |       |     2 ||     2
       Animate Dead      |       |       |     1 ||     1
 Abil: End Transformatio |       |     1 |       ||     1
  Use: Scroll            |       |       |     3 ||     3
       Potion            |       |       |     3 ||     3
Armor: Robe              |     2 |       |       ||     2
       Ring mail         |       |     7 |    14 ||    21
       Chain mail        |       |       |     9 ||     9
Dodge: Dodged            |    23 |    17 |    56 ||    96

Table legend: (Time is in decaauts)
 A = Elapsed time spent in this place.
 B = Non-inter-level travel time spent in this place.
 C = Inter-level travel time spent in this place.
 D = Time resting spent in this place.
 E = Time spent auto-exploring this place.
 F = Levels seen in this place.
 G = Mean time per level.
                   A        B        C        D        E       F      G
               +--------+--------+--------+--------+--------+-----+--------+
         Total |  10721 |  10377 |    344 |   1469 |   7874 |   7 | 1531.6 |
       Dungeon |  10721 |  10377 |    344 |   1469 |   7874 |   7 | 1531.6 |
               +--------+--------+--------+--------+--------+-----+--------+

Top non-repeatable levels by time:
     D:4: 2473 daAuts
     D:6: 2322 daAuts
     D:5: 1938 daAuts
     D:1: 1355 daAuts
     D:3: 933 daAuts
     D:2: 885 daAuts
     D:7: 814 daAuts
